 Dungeon Crawl Stone Soup version bcrawl-1.38b (webtiles) character file.

Game seed: 16117241790846519329

140472 Mrkan the Sneak (level 4, 0/34 HPs)
             Began as a Gnoll Archaeologist on Mar 23, 2023.
             Slain by a gnoll
             ... wielding a cursed -2 flail
              (5 damage)
             ... on level 2 of the Dungeon.
             The game lasted 00:02:58 (1163 turns).

Mrkan the Sneak (Gnoll Archaeologist)               Turns: 1163, Time: 00:02:59

Health: 0/34       AC:  6    Str: 15    XL:     4   Next: 0%
Magic:  5/5        EV: 15    Int: 16    God:
Gold:   86         SH:  0    Dex: 13    Spells: 5/5 levels left

rFire    . . .     GDR:     26% a - +0 whip
rCold    . . .     SeeInvis .   (no shield)
rNeg     . . .     Gourm    .   c - +1 robe
rPois    .         Faith    .   d - +1 hat
rElec    .         Spirit   .   (no cloak)
rCorr    .         Reflect  .   (no gloves)
MR       .....                  m - +1 pair of boots
Stlth    +++.......             (no amulet)
HPRegen  0.15/turn              (no ring)
MPRegen  0.09/turn              (no ring)

@: no status effects
A: distributed training, fangs 1, strong nose
a: no special abilities


You were on level 2 of the Dungeon.
You were hungry.

You visited 1 branch of the dungeon, and saw 2 of its levels.

You collected 86 gold pieces.

Inventory:

Hand Weapons
 a - a +0 whip (weapon)
 b - a +0 blowgun
 k - a cursed -1 spear
Missiles
 f - 6 curare-tipped needles
Armour
 c - a +1 robe (worn)
 d - a +1 hat (worn)
 j - a +0 pair of gloves
 m - a +1 pair of boots (worn)
Jewellery
 r - the amulet "Roshreng" {Inacc Dex+2, unknown}
   (You found it on level 1 of the Dungeon)

   [amulet of inaccuracy]

   It reduces the accuracy of all your attacks.
   It affects your dexterity (+2).
Scrolls
 g - 2 scrolls of magic mapping
 i - 2 scrolls of identify
 l - 3 scrolls of teleportation {unknown}
 s - a scroll of noise {unknown}
 t - 2 scrolls of amnesia {unknown}
Potions
 n - a potion of might {unknown}
 o - 2 potions of heal wounds {unknown}
 p - a potion of flight {unknown}
 q - a potion of invisibility {unknown}
 u - 2 potions of haste {unknown}
 v - a potion of mutation {unknown}
Miscellaneous
 h - a dusty tome
Comestibles
 e - 4 rations {!d}
 w - a chunk of flesh


   Skills:
 + Level 2.6 Fighting
 + Level 1.0 Short Blades
 + Level 1.0 Long Blades
 + Level 1.0 Axes
 + Level 2.6 Maces & Flails
 + Level 1.0 Polearms
 + Level 1.0 Staves
 + Level 1.0 Slings
 + Level 1.0 Bows
 + Level 1.0 Crossbows
 + Level 1.0 Throwing
 + Level 1.0 Armour
 + Level 6.5 Dodging
 + Level 6.5 Stealth
 + Level 1.0 Shields
 + Level 1.0 Unarmed Combat
 + Level 1.0 Spellcasting
 + Level 0.7 Conjurations
 + Level 0.7 Hexes
 + Level 0.7 Charms
 + Level 0.7 Summonings
 + Level 0.7 Necromancy
 + Level 0.7 Translocations
 + Level 0.7 Transmutations
 + Level 0.7 Fire Magic
 + Level 0.7 Ice Magic
 + Level 0.7 Air Magic
 + Level 0.7 Earth Magic
 + Level 0.7 Poison Magic
 + Level 1.0 Invocations
 + Level 1.0 Evocations


You had 5 spell levels left.
You didn't know any spells.
Your spell library was empty.

Dungeon Overview and Level Annotations

Branches:
Dungeon (2/12)

Altars:
Wu Jian


Innate Abilities, Weirdness & Mutations

Your experience applies equally to all skills.
You have very sharp teeth.
Your uncanny sense of smell can sniff out nearby items.


Message History

You closely miss the gnoll.
The gnoll hits you from afar with a +0 spear.
The gnoll hits you but does no damage.
You hit the gnoll.
The gnoll is moderately wounded.
The gnoll hits you from afar with a +0 spear.
The gnoll hits you but does no damage.
You hit the gnoll.
The gnoll is heavily wounded.
The gnoll misses you.
The gnoll hits you from afar with a +0 spear.
You closely miss the gnoll.
The gnoll is heavily wounded.
The gnoll hits you with a cursed -2 flail.
* * * LOW HITPOINT WARNING * * *
The gnoll barely misses you.
You barely miss the gnoll.
The gnoll is heavily wounded.
The gnoll hits you with a cursed -2 flail.
You die...

.......#...# .......#...#
.......#...# ########...# #...#
##'## #g# #g# #@# #.#
##########.# .....K. ####
#..รท.......# # #....... ...#
#.##########.#.#.......
...####.# #....#.#.#.#.......
........###.#......# .......
............##...#####......
##.....####.#.....w....#########


You could see 2 gnolls.

Vanquished Creatures
  An adder (D:2)
  A gnoll (D:2)
  A worm (D:2)
  2 leopard geckos (D:1)
  2 bats (D:1)
  A giant cockroach (D:1)
  6 goblins (D:1)
  6 hobgoblins
  3 frilled lizards
  6 kobolds
  4 rats (D:1)
33 creatures vanquished.

Notes
Turn   | Place    | Note
-------+----------+-------------------------------------------
     0 | D:1      | Mrkan the Gnoll Archaeologist began the quest for the Orb.
     0 | D:1      | Reached XP level 1. HP: 17/17 MP: 1/1
   110 | D:1      | Reached XP level 2. HP: 16/23 MP: 2/2
   200 | D:1      | Got a shimmering golden amulet
   324 | D:1      | Reached XP level 3. HP: 28/28 MP: 3/3
   943 | D:2      | Found an ornate altar of the Wu Jian Council.
  1056 | D:2      | Reached skill level 1 in Invocations
  1157 | D:2      | Reached skill level 1 in Short Blades
  1157 | D:2      | Reached skill level 1 in Long Blades
  1157 | D:2      | Reached skill level 1 in Axes
  1157 | D:2      | Reached skill level 1 in Polearms
  1157 | D:2      | Reached skill level 1 in Staves
  1157 | D:2      | Reached skill level 1 in Slings
  1157 | D:2      | Reached skill level 1 in Bows
  1157 | D:2      | Reached skill level 1 in Crossbows
  1157 | D:2      | Reached skill level 1 in Throwing
  1157 | D:2      | Reached skill level 1 in Armour
  1157 | D:2      | Reached skill level 1 in Shields
  1157 | D:2      | Reached skill level 1 in Unarmed Combat
  1157 | D:2      | Reached skill level 1 in Spellcasting
  1157 | D:2      | Reached skill level 1 in Evocations
  1157 | D:2      | Reached XP level 4. HP: 17/34 MP: 5/5
  1163 | D:2      | Slain by a gnoll

Skill      XL: |  1  2  3 |
---------------+----------+-----
Invocations    | 1 |  1.0
Short Blades   | 1 |  1.0
Long Blades    | 1 |  1.0
Axes           | 1 |  1.0
Polearms       | 1 |  1.0
Staves         | 1 |  1.0
Slings         | 1 |  1.0
Bows           | 1 |  1.0
Crossbows      | 1 |  1.0
Throwing       | 1 |  1.0
Armour         | 1 |  1.0
Shields        | 1 |  1.0
Unarmed Combat | 1 |  1.0
Spellcasting   | 1 |  1.0
Evocations     | 1 |  1.0
Fighting       | |  2.6
Maces & Flails | |  2.6
Dodging        | |  6.5
Stealth        | |  6.5
Conjurations   | |  0.7
Hexes          | |  0.7
Charms         | |  0.7
Summonings     | |  0.7
Necromancy     | |  0.7
Translocations | |  0.7
Transmutations | |  0.7
Fire Magic     | |  0.7
Ice Magic      | |  0.7
Air Magic      | |  0.7
Earth Magic    | |  0.7
Poison Magic   | |  0.7

Action                   |  1- 3 |  4- 6 || total
-------------------------+-------+-------++-------
Melee: Whip              |   135 |     7 ||   142
       Bite              |    17 |       ||    17
       Punch             |     1 |       ||     1
 Stab: Sleeping          |    11 |       ||    11
  Eat: Chunk             |     4 |       ||     4
Armor: Robe              |    21 |     3 ||    24
Dodge: Dodged            |    81 |     4 ||    85
